 Dungeon Crawl Stone Soup version 0.23-a0-550-g7de1f8e (console) character file.

429 Duffy the Magician (level 6, 0/41 HPs)
             Began as a Mummy Fire Elementalist on Dec 9, 2018.
             Slain by a hornet (14 damage)
             ... on level 5 of the Dungeon.
             The game lasted 00:05:54 (3651 turns).

Duffy the Magician (Mummy Fire Elementalist)        Turns: 3651, Time: 00:05:55

Health: 0/41       AC:  4    Str: 11    XL:     6   Next: 66%
Magic:  2/12       EV: 12    Int: 16    God:
Gold:   125        SH:  0    Dex: 13    Spells: 5/13 levels left

rFire    x . .     SeeInvis .   i - staff of air
rCold    + . .     Gourm    .   (no shield)
rNeg     + + +     Faith    .   a - +0 robe
rPois    ∞         Spirit   .   (no helmet)
rElec    +         Reflect  .   f - +0 cloak
rCorr    .         Harm     .   (no gloves)
MR       .....                  c - +0 pair of boots
Stlth    ++........             (no amulet)
HPRegen  0.13/turn              (no ring)
MPRegen  0.13/turn              (no ring)

@: very slightly contaminated
A: no food or potions, fire vulnerability, cold resistance 1, negative energy
resistance 3, torment resistance, unbreathing
a: no special abilities


You were on level 5 of the Dungeon.
You were not hungry.

You visited 1 branch of the dungeon, and saw 5 of its levels.

You collected 125 gold pieces.

Inventory:

Hand Weapons
 b - a +0 short sword
Armour
 a - a +0 robe (worn)
 c - a +0 pair of boots (worn)
 f - a +0 cloak (worn)
Magical Staves
 i - an uncursed staff of air (weapon)
Scrolls
 d - 5 scrolls of identify {unknown}
 e - 2 scrolls of blinking {unknown}
 g - a scroll of fear {unknown}
 h - a scroll of remove curse {unknown}
 j - 2 scrolls of immolation {unknown}
 k - a scroll of amnesia {unknown}


   Skills:
 - Level 1.5 Dodging
 - Level 1.5 Stealth
 + Level 4.2 Spellcasting
 * Level 4.0 Conjurations
 * Level 4.1 Fire Magic


You had 5 spell levels left.
You knew the following spells:

 Your Spells              Type           Power        Failure   Level  Hunger
h - Flame Tongue          Conj/Fire      ###..        3%          1    N/A
j - Sticky Flame          Conj/Fire      ###.....     30%         4    N/A
l - Conjure Flame         Conj/Fire      ###.....     9%          3    N/A

Your spell library contained the following spells:

 Spells                   Type           Power        Failure   Level  Hunger
 Magic Dart               Conj           ###.         3%          1    N/A
 Throw Flame              Conj/Fire      ###...       4%          2    N/A
 Inner Flame              Hex/Fire       ##......     22%         3    N/A
 Blink                    Tloc           N/A          26%         2    N/A
 Call Imp                 Summ           #.......     26%         2    N/A
 Slow                     Hex            #.......     26%         2    N/A
 Mephitic Cloud           Conj/Pois/Air  ##......     28%         3    N/A
 Fireball                 Conj/Fire      ###.......   63%         5    N/A

Dungeon Overview and Level Annotations

Branches:
Dungeon (5/15)
 Temple: D:4-7

Altars:
Dithmenos
Wu Jian

Annotations:
D:2 Jessica, Sigmund
D:5 Prince Ribbit


Innate Abilities, Weirdness & Mutations

You do not eat or drink.
Your flesh is vulnerable to fire.
You are immune to poison.
Your flesh is cold resistant. (rC+)
You are immune to negative energy. (rN+++)
You are immune to unholy pain and torment.
You can survive without breathing.


Message History

Confirm with . or Enter, or press ? or * to list all spells.
Aiming: Conjure Flame (safe; 9% risk of failure)
Press: ? - help, Dir - move target cursor, p - Prince Ribbit The fire ignites!
Prince Ribbit catches a blue-tailed skink with his tongue.
The hornet is engulfed in blazing flames.
The hornet stings you.
Casting: Conjure Flame (safe; 9% risk of failure)
Confirm with . or Enter, or press ? or * to list all spells.
Aiming: Sticky Flame (quite dangerous; 30% risk of failure)
Press: ? - help, Shift-Dir - straight line, f - hornet
Aim: a hornet (flame, lightly wounded)
You miscast Sticky Flame.
Smoke pours from your hands!
The hornet is engulfed in blazing flames.
The hornet stings you!
The hornet is engulfed in blazing flames.
The hornet closely misses you.
The hornet is engulfed in blazing flames.
The hornet stings you!
You die...

##....+.}.#[}.+ #########
#.....#..#.#..# ###.......####
##....#...}...# .............#
#..###.......# .............##
#.## ####'####.. ..(...........#
#.# ##.........
..............###0# #..........
...............#00# ##..........
................0@####...........
................0yF##............
................#000.............
................##0.0............
.............<..###...#.........
#...............# ###..#.......
##..............######..##...##
..##............##..##.....###
.........# #......[.....


You could see Prince Ribbit and a hornet.

Vanquished Creatures
  Menkaure (D:4)
  A scorpion (D:3)
  A howler monkey (D:4)
  A jelly (D:5)
  2 iguanas (D:4)
  4 gnolls
  3 adders (D:2)
  2 shadow imps (D:5)
  An ooze (D:4)
  2 worms (D:2)
  2 leopard geckos
  An orc (D:3)
  A giant cockroach (D:1)
  9 goblins
  3 hobgoblins (D:1)
  8 jackals
  2 ball pythons
  4 bats (D:1)
  2 frilled lizards (D:1)
  4 kobolds (D:1)
  8 rats
62 creatures vanquished.

Notes
Turn   | Place    | Note
-------+----------+-------------------------------------------
     0 | D:1      | Duffy the Mummy Fire Elementalist began the quest for the
                  | Orb.
     0 | D:1      | Reached XP level 1. HP: 13/13 MP: 4/4
    19 | D:1      | Reached skill level 1 in Conjurations
   168 | D:1      | Reached XP level 2. HP: 19/19 MP: 0/5
   972 | D:2      | Noticed Sigmund
   974 | D:2      | Noticed Jessica
  1061 | D:2      | Reached XP level 3. HP: 24/24 MP: 5/7
  1637 | D:2      | Learned a level 3 spell: Conjure Flame
  1703 | D:3      | Reached XP level 4. HP: 29/30 MP: 3/8
  2004 | D:4      | Learned a level 4 spell: Sticky Flame
  2011 | D:4      | Noticed Menkaure
  2084 | D:4      | Killed Menkaure
  2084 | D:4      | Reached XP level 5. HP: 4/35 MP: 0/10
  2410 | D:4      | Found a shadowy altar of Dithmenos.
  2513 | D:4      | Reached XP level 6. HP: 21/41 MP: 1/11
  2688 | D:4      | Found an ornate altar of the Wu Jian Council.
  2698 | D:5      | Entered Level 5 of the Dungeon
  3624 | D:5      | Noticed Prince Ribbit
  3645 | D:5      | Noticed a hornet
  3651 | D:5      | Slain by a hornet

Vault maps used:
D:1:      lordsloth_arrival_two_stooges, minmay_heptomino_o4
D:2:      chequers_ecumenical_altar_simple, uniq_jessica, uniq_sigmund
D:3:      first_ration, uniq_crazy_yiuf_cottage
D:4:      nicolae_dithmenos_shadow_blocks, lemuel_crystal_altar, serial_shops,
          nicolae_shop_crystal, okawaru_altar_gauntlet_db, uniq_menkaure
D:5:      kennysheep_generic_room_10, uniq_prince_ribbit1

Skill      XL: |  1  2  3  4  5  6 |
---------------+-------------------+-----
Conjurations   | 1 2 3 4 |  4.0
Spellcasting   | 3 4 |  4.2
Fire Magic     | 3 4 |  4.1
Dodging        | |  1.5
Stealth        | |  1.5

Action                   |  1- 3 |  4- 6 || total
-------------------------+-------+-------++-------
Melee: Short sword       |     3 |       ||     3
       Staff             |       |     1 ||     1
 Cast: Flame Tongue      |    75 |    72 ||   147
       Conjure Flame     |       |     4 ||     4
       Sticky Flame      |       |     2 ||     2
Armor: Robe              |    14 |    12 ||    26
Dodge: Dodged            |    51 |    26 ||    77

Table legend:
 A = Non-vault XP
 B = Vault XP
 C = Vault XP percentage of total XP
 D = Non-vault monster count
 E = Vault monster count
 F = Vault count percentage of total count
                 A         B        C        D         E       F
            +---------+---------+-------+---------+---------+-------
      Total |     439 |     174 |  28.4 |      55 |       7 |  11.3
            +---------+---------+-------+---------+---------+-------
        D:1 |      29 |       9 |  23.7 |      21 |       6 |  22.2
        D:2 |      54 |       0 |   0.0 |       9 |       0 |   0.0
        D:3 |     113 |       0 |   0.0 |      11 |       0 |   0.0
        D:4 |     172 |     165 |  49.0 |       8 |       1 |  11.1
        D:5 |      71 |       0 |   0.0 |       6 |       0 |   0.0
            +---------+---------+-------+---------+---------+-------
